 Dungeon Crawl Stone Soup version 0.28-a0-664-gc179e30c89 (webtiles) character file.

Game seed: 12224692466729718031

589 a11behringer the Ruffian (level 7, 0/67 HPs)
             Began as a Troll Berserker on Oct 17, 2021.
             Was a Priest of Trog.
             Slain by a gnoll (4 damage)
             ... on level 3 of the Dungeon.
             The game lasted 00:10:35 (2286 turns).

a11behringer the Ruffian (Troll Berserker)          Turns: 2286, Time: 00:10:36

Health: 0/67       AC:  4    Str: 27    XL:     7   Next: 15%
Magic:  6/6        EV: 10    Int:  3    God:    Trog [***...]
Gold:   241        SH:  0    Dex: 10    Spells: 6/6 levels left

rFire   . . .      SeeInvis .     - Unarmed
rCold   . . .      Faith    .   (no shield)
rNeg    . . .      Spirit   .   a - +0 animal skin
rPois   .          Reflect  .   (helmet restricted)
rElec   .          Harm     .   (no cloak)
rCorr   .          Rampage  .   (gloves unavailable)
Will    ++...                   (boots unavailable)
Stlth   +.........              (no amulet)
HPRegen 2.21/turn               (no ring)
MPRegen 0.10/turn               (no ring)

@: strong-willed (expiring), on berserk cooldown, regenerating (expiring),
slowed, very slow
A: large, unfitting armour, claws 3, regeneration 1, shaggy fur 1, tough skin 1
a: Renounce Religion, Berserk, Trog's Hand


You were on level 3 of the Dungeon.
You worshipped Trog.
Trog was most pleased with you.
You visited 1 branch of the dungeon, and saw 3 of its levels.

You collected 241 gold pieces.

Inventory:

Hand Weapons
 d - a +0 mace
Armour
 a - a +0 animal skin (worn)
Jewellery
 h - a ring of flight
Wands
 e - a wand of polymorph (9)
Scrolls
 g - a scroll of identify {unknown}
 j - a scroll of vulnerability {unknown}
Potions
 b - a potion of ambrosia {unknown}
 c - a potion of flight {unknown}
 f - a potion of degeneration {unknown}
 i - a potion of curing {unknown}


   Skills:
 + Level 3.2 Fighting
 * Level 2.8 Maces & Flails
 + Level 3.9 Dodging
 + Level 6.0 Unarmed Combat


You had 6 spell levels left.
You didn't know any spells.
Your spell library was empty.

Dungeon Overview and Level Annotations

Branches:
Dungeon (3/15)

Altars:


Innate Abilities, Weirdness & Mutations

You are too large for most types of armour.
You have claws for hands.
Your natural rate of healing is unusually fast.
You are covered in fur. (AC +1)
You have tough skin. (AC +1)


Message History

The gnoll hits you from afar with a +0 spear.
* * * LOW HITPOINT WARNING * * *
You mangle the gnoll!!
You kill the gnoll!
Trog accepts your kill. The kobold closely misses you.
The gnoll closely misses you. The gnoll barely misses you.
Things that are here:
a +0 spear; a gnoll corpse You claw the kobold!
You kill the kobold!
Trog accepts your kill. The gnoll hits you with a +0 spear!
* * * LOW HITPOINT WARNING * * *
The gnoll closely misses you.
Items here: ( )) †.
You scratch the gnoll. Your claw misses the gnoll.
The gnoll is moderately wounded.
The gnoll hits you with a +0 spear.
* * * LOW HITPOINT WARNING * * *
The gnoll closely misses you.
You mangle the gnoll!!
You kill the gnoll!
Trog accepts your kill.
Your Unarmed Combat skill increases to level 6!
You are no longer berserk.
You are exhausted.
You feel yourself slow down. The gnoll closely misses you.
Things that are here:
a +0 spear; a gnoll corpse You scratch the gnoll but do no damage.
You feel the effects of Trog's Hand fading.
The gnoll hits you with a +0 spear.
* * * LOW HITPOINT WARNING * * *
You claw the gnoll!
The gnoll is severely wounded.
The gnoll hits you with a +0 spear.
* * * LOW HITPOINT WARNING * * *
The gnoll hits you with a +0 spear.
You die...

#####
################...#
#..............#.g.#
'..............#@))#
#..............##)##
))..########....).#
)...# #......#
....########....(.#
#..............##+#
'........).....#
#..[.....(.....#
################


You could see a gnoll.

Vanquished Creatures
  Grinder (D:3)
  A kobold brigand (D:3)
  An orc priest (D:3)
  Terence (D:3)
  An orc wizard (D:3)
  11 gnolls (D:3)
  Robin (D:3)
  2 adders
  2 worms
  6 orcs (D:3)
  7 ball pythons
  2 endoplasms
  2 giant cockroaches
  10 goblins
  12 hobgoblins
  3 jackals (D:1)
  3 quokkas
  4 bats
  5 frilled lizards
  33 kobolds
  5 rats
  3 bushes (D:2)
116 creatures vanquished.

Vanquished Creatures (others)
  A plant (D:2)
1 creature vanquished.

Grand Total: 117 creatures vanquished

Notes
Turn   | Place    | Note
-------+----------+-------------------------------------------
     0 | D:1      | a11behringer the Troll Berserker began the quest for the
                  | Orb.
     0 | D:1      | Reached XP level 1. HP: 22/22 MP: 0/0
   325 | D:1      | Reached XP level 2. HP: 29/29 MP: 1/1
   957 | D:2      | Reached XP level 3. HP: 36/36 MP: 2/2
  1365 | D:2      | Reached ** piety under Trog
  1618 | D:3      | Found a faded altar of an unknown god.
  1626 | D:3      | Noticed Grinder
  1640 | D:3      | Killed Grinder
  1641 | D:3      | Reached skill level 4 in Unarmed Combat
  1641 | D:3      | Reached XP level 4. HP: 5/45 MP: 3/3
  1641 | D:3      | Reached XP level 5. HP: 6/53 MP: 4/4
  1653 | D:3      | Reached skill level 5 in Unarmed Combat
  1661 | D:3      | Reached XP level 6. HP: 26/61 MP: 5/5
  1840 | D:3      | Noticed Robin
  1853 | D:3      | Killed Robin
  2128 | D:3      | Reached *** piety under Trog
  2162 | D:3      | Noticed Terence
  2165 | D:3      | Killed Terence
  2277 | D:3      | Reached XP level 7. HP: 9/67 MP: 6/6
  2277 | D:3      | HP: 5/100 [gnoll (1)]
  2282 | D:3      | HP: 3/100 [gnoll (2)]
  2284 | D:3      | Reached skill level 6 in Unarmed Combat
  2286 | D:3      | Slain by a gnoll

Illustrated notes

Levels and vault maps discovered:
D:1:      dpeg_arrival_tiny_d, layout_basic, minmay_shallow_snake_nest
D:2:      layout_basic, serial_forest, infiniplex_forest_end_2,
          infiniplex_forest_lined_3, infiniplex_forest_lined_3,
          infiniplex_forest_clump_double, infiniplex_forest_straight_2,
          serial_bayou_ford_a
D:3:      minmay_goblin_kobold_castle, layout_rooms,
          shapermc_ecumenical_altar_mp_highgroup, uniq_robin, uniq_terence,
          uniq_grinder, uniq_natasha

Skill      XL: |  1  2  3  4  5  6  7 |
---------------+----------------------+-----
Fighting       | 3 |  3.2
Maces & Flails | 2 |  2.8
Dodging        | 3 |  3.9
Unarmed Combat | 4 5 6 |  6.0

Action                   |  1- 3 |  4- 6 |  7- 9 || total
-------------------------+-------+-------+-------++-------
Melee: Unarmed           |   185 |   159 |     7 ||   351
       Punch             |     1 |     4 |       ||     5
Invok: Berserk           |     1 |     3 |       ||     4
       Trog's Hand       |     1 |     3 |       ||     4
  Use: Scroll            |     2 |       |       ||     2
 Stab: Sleeping          |     1 |       |       ||     1
Armor: Animal skin       |    24 |    68 |     1 ||    93
Dodge: Dodged            |    29 |   139 |     6 ||   174

Table legend: (Time is in decaauts)
 A = Elapsed time spent in this place.
 B = Non-inter-level travel time spent in this place.
 C = Inter-level travel time spent in this place.
 D = Time resting spent in this place.
 E = Time spent auto-exploring this place.
 F = Levels seen in this place.
 G = Mean time per level.
                   A        B        C        D        E       F      G
               +--------+--------+--------+--------+--------+-----+--------+
         Total |   2274 |   1841 |    433 |      0 |   1261 |   3 |  758.0 |
       Dungeon |   2274 |   1841 |    433 |      0 |   1261 |   3 |  758.0 |
               +--------+--------+--------+--------+--------+-----+--------+

Top non-repeatable levels by time:
     D:2: 831 daAuts
     D:1: 759 daAuts
     D:3: 683 daAuts
